Map: Orbital Shipyard

Players

gumiho - Winner!

  • Race: Terran Terran

MaSa

  • Race: Terran Terran
  • League: Master

VOD

Have the link to the VOD?

Description

This game was a standard TvT setup with 1 player deciding for a 1 base aggressive play while the other going for a fast expansion. Masa being the 1 base aggression player ended up getting a lot of worker kills early on but the game still ended up taking its standard course with the 1 base player being aggressive then putting down 3 CC and the fast expand becoming the aggressor into the mid game while the enemies 3 CC are getting him the SCV lead.

depending on what type of play style you prefer both players give good build orders and play styles for you to learn from.

P.S. the site says MaSa's build order was 1/1/1 liberator but it was 1/1/1 reaper hellion with a liberator follow up for those of you here just to extract builds. Good Luck!

Time

  • Played on: March 10, 2016, 8:34 p.m.
  • Length: 17:49
Show
View Real Time Build Order
Export as new Build Order

gumiho Terran - Winner!

Build Orders: Reaper Expand, MMM Bio 

Get SALT Encoding   

  12  0:01  SCV  
  13  0:13  SCV  
  14  0:17  Supply Depot  
  14  0:25  SCV  
  15  0:39  SCV  
  15  0:40  Barracks  
  16  0:43  Refinery  
  16  0:51  SCV  
  17  1:03  SCV  
  18  1:15  SCV  
  19  1:27  Orbital Command  
  19  1:28  Reaper  
  20  1:41  Command Center  
  20  1:47  Supply Depot  
  20  1:53  SCV  
  21  1:59  Marine  
  22  2:05  Factory  
  22  2:07  SCV  
  23  2:11  Refinery  
  23  2:18  Marine  
  23  2:19  SCV  
  25  2:31  SCV  
  25  2:35  Marine  
  27  2:44  SCV  
  28  2:49  Hellion, Starport  
  30  2:52  Orbital Command  
  30  2:55  Barracks Reactor  
  30  2:56  SCV  
  31  3:08  SCV  
  31  3:09  Supply Depot  
  31  3:12  Hellion  
  33  3:18  SCV  
  34  3:22  Engineering Bay  
  34  3:27  Viking  
  34  3:29  SCV  
  34  3:30  SCV  
  34  3:33  Marine x2  
  40  3:35  Factory Tech Lab  
  39  3:45  SCV x2  
  41  3:50  Supply Depot, Marine  
  41  3:51  Missile Turret, Marine  
  41  3:54  Missile Turret  
  35  4:08  Marine x2  
  35  4:09  SCV  
  26  4:18  SCV  
  25  4:26  Marine x2  
  25  4:32  Raven  
  27  4:39  SCV x2  
  27  4:45  Marine x2  
  29  4:48  Factory Tech Lab  
  29  4:51  SCV x2  
  28  5:03  SCV x2  
  28  5:05  Marine x2  
  31  5:15  SCV x2  
  31  5:17  Siege Tank  
  36  5:28  SCV x2  
  36  5:33  Medivac  
  36  5:34  Stimpack  
  40  5:37  Terran Infantry Weapons Level 1  
  40  5:42  SCV x2  
  42  5:52  Supply Depot  
  42  5:54  SCV x2  
  44  6:06  SCV x2  
  46  6:12  Command Center  
  46  6:15  Siege Tank  
  49  6:20  SCV x2  
  49  6:24  Starport Reactor  
  49  6:25  Barracks  
  51  6:32  SCV x2  
  53  6:35  Marine, Supply Depot  
  54  6:44  SCV x2  
  56  6:47  Barracks  
  56  6:53  Marine  
  53  7:03  Medivac x2  
  53  7:06  SCV  
  53  7:07  SCV  
  57  7:10  Marine  
  55  7:18  Siege Tank  
  55  7:22  Marine x2  
  57  7:26  SCV x2  
  57  7:28  Marine  
  57  7:29  Orbital Command  
  58  7:36  Barracks Reactor  
  58  7:39  Marine, Combat Shields  
  58  7:40  Marine  
  58  7:41  SCV x2  
  62  7:46  Refinery, Marine  
  62  7:47  Refinery  
  63  7:57  Marine x2  
  64  8:04  Marine  
  58  8:07  Orbital Command  
  58  8:11  Marine  
  58  8:12  Marine  
  55  8:15  Marine x2  
  55  8:16  SCV  
  55  8:17  SCV  
  59  8:21  Medivac x2  
  59  8:22  Marine  
  64  8:29  SCV x2, Marine  
  64  8:32  Marine  
  64  8:33  Terran Infantry Armor Level 1, Marine x2  
  70  8:34  SCV  
  70  8:40  Supply Depot  
  70  8:41  SCV  
  72  8:42  Marine, Supply Depot  
  74  8:48  SCV x2  
  74  8:53  SCV  
  74  8:55  Barracks  
  76  8:58  Medivac x2, Barracks  
  76  9:01  Marine x2  
  68  9:11  Marine x3  
  68  9:13  SCV x3  
  74  9:18  Siege Tank  
  74  9:20  Marine x2  
  79  9:25  SCV  
  79  9:29  Marine x3  
  79  9:30  SCV x2  
  85  9:32  Refinery x2  
  85  9:36  Viking x2  
  85  9:37  SCV  
  88  9:39  Marine x2  
  88  9:41  Marine  
  88  9:46  Marine x2  
  88  9:47  Marine  
  88  9:51  Marine  
  91  9:57  Marine x2  
  91  9:59  Marine  
  88  10:04  Marine x3  
  90  10:09  Medivac x2, Marine  
  95  10:15  Marine x2  
  95  10:17  Marine  
  95  10:18  SCV x2  
  95  10:19  SCV  
  101  10:31  Marine x4  
  101  10:32  Marine  
  101  10:33  Marine  
  101  10:35  Marine  
  105  10:49  Marine x3, Starport Reactor  
  97  10:50  Marine x2  
  97  10:51  SCV x3  
  97  10:53  Marine  
  97  10:54  Refinery  
  97  10:56  Armory  
  103  10:57  Engineering Bay  
  103  11:03  SCV  
  104  11:07  Marine x2  
  108  11:13  Barracks Reactor x3  
  108  11:15  SCV x3  
  108  11:17  Command Center  
  109  11:19  Siege Tank  
  109  11:25  Factory, Marine x2  
  112  11:28  SCV x3  
  117  11:35  Supply Depot  
  117  11:37  Supply Depot  
  117  11:53  Terran Infantry Armor Level 2, Terran Infantry Weapons Level 2  
  117  11:56  Terran Vehicle Weapons Level 1  
  117  11:58  Siege Tank  
  117  12:01  Marine  
  120  12:02  Marine  
  120  12:03  Marine x2  
  120  12:04  Marine x5  
  120  12:07  Medivac x2  
  133  12:13  Supply Depot  
  131  12:21  Factory Tech Lab  
  130  12:27  Supply Depot, Marine  
  130  12:29  Marine x2  
  132  12:30  Supply Depot  
  132  12:36  Marine  
  132  12:37  Marine  
  134  12:38  Marine x2  
  134  12:43  Marine x2  
  132  12:53  Marine x2  
  132  12:54  Marine  
  132  12:57  Marine x3  
  132  12:58  Marine  
  139  12:59  Medivac x2  
  139  13:01  Siege Tank x2  
  149  13:12  Missile Turret x2, Marine x3  
  152  13:13  Missile Turret, Marine  
  152  13:16  Marine  
  152  13:29  Marine  
  152  13:33  Siege Tank, Marine  
  157  13:34  Marine x3  
  157  13:35  Siege Tank  
  163  13:43  Marine x2  
  165  13:51  Marine x4  
  165  13:52  Marine  
  170  13:57  Orbital Command  
  170  14:06  Siege Tank  
  162  14:14  Terran Infantry Weapons Level 3, Terran Infantry Armor Level 3  
  162  14:16  Marine x3  
  162  14:17  Marine  
  157  14:18  Marine  
  157  14:23  Marine x4  
  149  14:34  Marine x4  
  149  14:35  Siege Tank  
  149  14:36  Marine  
  157  14:46  Marine x3  
  160  14:55  Marine  
  160  14:57  Marine  
  160  14:58  Marine x2  
  131  15:00  Marine x2  
  131  15:04  Marine x3  
  118  15:10  Medivac x2  
  118  15:13  Marine  
  123  15:15  Marine  
  123  15:16  Marine x2  
  123  15:18  Marine x2  
  128  15:22  Marine x3  
  128  15:23  Siege Tank x2  
  137  15:31  Marine  
  137  15:32  Marine  
  137  15:34  Marine x2  
  139  15:36  Marine x2  
  139  15:39  Marine x2  
  139  15:40  Marine  
  134  15:45  Medivac  
  134  15:47  Medivac  
  134  15:48  Marine  
  137  15:50  Marine  
  137  15:52  Marine x2  
  137  15:53  Marine x2  
  142  15:57  Marine x3  
  145  16:06  Marine  
  145  16:08  Marine  
  145  16:09  Marine  
  145  16:10  Marine  
  149  16:11  Marine x2  
  149  16:15  Medivac, Marine x3  
  156  16:24  Marine  
  157  16:26  Marine  
  157  16:27  Marine x2  
  157  16:28  Siege Tank  
  157  16:29  Marine x2  
  165  16:34  Marine  
  165  16:39  Marine  
  165  16:41  Marine  
  165  16:42  Siege Tank, Marine  
  165  16:44  Marine  
  165  16:45  Marine x2  
  141  16:47  Marine x2  
  141  16:52  Marine  
  109  16:57  Marine  
  109  16:59  Marine  
  109  17:00  Siege Tank, Marine  
  112  17:01  Marine  
  112  17:03  Marine x2  
  112  17:05  Marine x2  
  112  17:10  Marine  
  112  17:14  Medivac  
  112  17:15  Marine  
  113  17:17  Marine x2  
  113  17:19  Marine  
  113  17:21  Marine x2  
  113  17:22  Refinery x2, Marine  
  118  17:23  Marine  
  118  17:25  Missile Turret  
  118  17:28  Marine  
  121  17:34  Supply Depot  
  121  17:35  Supply Depot x2  
Show
View Real Time Build Order
Export as new Build Order

MaSa Terran 

Build Orders: 1/1/1, Liberator Opening, MMM Bio 

Get SALT Encoding   

  12  0:00  SCV  
  13  0:12  SCV  
  14  0:18  Supply Depot  
  14  0:25  SCV  
  15  0:31  Refinery  
  15  0:39  SCV  
  16  0:44  Barracks  
  16  0:51  SCV  
  16  0:53  Refinery  
  17  1:04  SCV  
  18  1:16  SCV  
  19  1:28  SCV  
  19  1:32  Factory  
  20  1:35  Reaper  
  21  1:40  Orbital Command  
  21  1:45  Supply Depot  
  21  2:05  SCV  
  21  2:07  Reaper  
  23  2:18  Hellion, Starport  
  25  2:23  Supply Depot, SCV  
  26  2:38  SCV  
  26  2:39  Hellion, Reaper  
  30  2:55  SCV  
  30  2:56  Medivac  
  33  3:01  Hellion  
  35  3:11  Reaper  
  34  3:14  Liberator  
  34  3:16  Command Center  
  34  3:19  SCV  
  35  3:24  Supply Depot  
  38  3:44  Factory Tech Lab, Barracks Reactor  
  38  3:46  SCV  
  38  3:47  Supply Depot  
  39  4:01  SCV  
  40  4:13  SCV  
  40  4:15  Command Center  
  37  4:19  Starport Reactor  
  33  4:25  SCV  
  34  4:37  Marine x2, SCV  
  34  4:38  Siege Tank  
  40  4:47  Barracks  
  40  4:50  SCV  
  40  4:51  SCV  
  41  4:59  Marine x2  
  40  5:02  Orbital Command  
  40  5:05  Viking  
  44  5:13  Viking  
  47  5:14  SCV  
  47  5:20  Siege Tank  
  50  5:21  Marine  
  50  5:23  Marine  
  50  5:27  Refinery  
  53  5:32  Orbital Command  
  53  5:33  SCV  
  53  5:35  SCV  
  54  5:41  Viking  
  56  5:45  Viking  
  56  5:46  SCV  
  59  5:51  Orbital Command, Barracks Tech Lab  
  59  5:55  Barracks, Marine x2  
  61  6:00  SCV  
  61  6:03  SCV  
  63  6:04  Refinery  
  63  6:08  Siege Tank  
  63  6:10  Stimpack, Marine  
  67  6:12  SCV  
  67  6:13  Marine  
  67  6:17  SCV x2  
  71  6:21  Engineering Bay  
  71  6:24  Starport Reactor  
  71  6:25  Engineering Bay  
  71  6:26  SCV  
  71  6:29  Marine, SCV  
  71  6:30  Marine  
  75  6:36  Marine  
  75  6:38  SCV x2  
  78  6:42  SCV  
  78  6:43  Supply Depot  
  78  6:46  Marine  
  79  6:49  Marine  
  79  6:50  SCV  
  78  6:54  Marine  
  75  7:02  SCV x2  
  75  7:03  Marine x2  
  75  7:04  Siege Tank  
  75  7:06  SCV  
  79  7:09  Marine x2  
  79  7:12  Marine  
  77  7:17  SCV  
  77  7:21  Marine x2  
  76  7:24  Medivac x2  
  76  7:27  Marine  
  76  7:29  SCV x2  
  82  7:40  Barracks  
  82  7:41  Barracks  
  82  7:42  SCV  
  82  7:44  SCV x2  
  85  7:48  Terran Infantry Weapons Level 1  
  84  7:51  Terran Infantry Armor Level 1  
  84  7:54  SCV  
  84  7:56  SCV  
  84  7:58  Marine  
  85  8:03  Marine  
  85  8:04  Medivac, Marine x2  
  85  8:05  SCV, Marine  
  85  8:10  SCV x2  
  85  8:11  Supply Depot  
  79  8:17  Combat Shields  
  79  8:20  Supply Depot  
  79  8:21  Marine x2, SCV  
  79  8:22  SCV  
  79  8:23  Medivac  
  85  8:30  Refinery  
  85  8:31  Barracks Reactor x2  
  85  8:32  Marine x2  
  87  8:35  Marine  
  87  8:36  SCV  
  87  8:39  Sensor Tower  
  89  8:44  Marine x2  
  89  8:46  SCV x2  
  93  8:49  SCV  
  93  8:50  Marine  
  93  8:51  Marine  
  93  8:53  Marine  
  93  8:55  Medivac  
  98  8:57  Medivac  
  98  9:01  Marine  
  101  9:05  Marine  
  101  9:08  Marine  
  101  9:09  Marine x2  
  91  9:10  Marine x3  
  91  9:11  SCV  
  91  9:15  Siege Tank, Marine  
  100  9:23  SCV  
  100  9:24  Supply Depot  
  101  9:32  Armory  
  101  9:45  Medivac, Marine x5  
  107  9:47  Marine  
  109  9:54  Marine  
  109  10:02  Medivac, Marine  
  109  10:10  Supply Depot  
  109  10:12  Supply Depot  
  109  10:18  Terran Infantry Weapons Level 2  
  109  10:21  Terran Infantry Armor Level 2  
  109  10:25  Marine x5  
  109  10:26  Medivac  
  109  10:28  Terran Vehicle Weapons Level 1  
  109  10:32  Marine x4  
  110  10:42  Marine x5  
  110  10:46  Medivac  
  110  10:47  Siege Tank  
  103  10:50  Marine x3  
  103  10:54  Refinery  
  103  10:55  Supply Depot  
  103  10:56  Medivac, Supply Depot  
  108  10:57  Factory  
  108  11:00  Marine x3  
  108  11:02  Marine x2, Barracks Reactor  
  113  11:07  Marine x3  
  116  11:18  Marine x3  
  116  11:20  Marine  
  116  11:21  Barracks x2  
  119  11:26  Siege Tank, Marine x3  
  119  11:29  Marine  
  126  11:36  Marine x3  
  126  11:38  Marine x2  
  126  11:39  Marine  
  131  11:40  Medivac x2  
  131  11:43  Siege Tank, Marine  
  131  11:44  Marine  
  131  11:45  Marine  
  141  11:54  Supply Depot x2  
  141  12:02  Siege Tank, Marine x4  
  141  12:03  Marine  
  141  12:04  Marine x2  
  141  12:12  Barracks Reactor x2  
  141  12:13  Viking  
  141  12:15  Siege Tank, Medivac  
  148  12:19  Marine x2  
  148  12:20  Marine  
  151  12:25  Supply Depot  
  151  12:29  Supply Depot  
  151  12:30  Marine x2  
  147  12:39  Marine x2  
  147  12:40  Marine  
  147  12:44  Marine x3  
  144  12:49  Marine x2  
  138  12:51  Marine x2  
  138  12:52  Marine x3  
  138  12:57  Siege Tank  
  138  12:58  Marine  
  144  13:04  Orbital Command  
  144  13:05  Siege Tank, Marine  
  148  13:19  Viking x2  
  152  13:25  Marine  
  153  13:29  Siege Tank  
  153  13:34  Terran Infantry Weapons Level 3  
  154  13:37  Siege Tank  
  154  13:39  Marine  
  158  13:43  Marine x3  
  158  13:44  Marine  
  160  13:49  Viking  
  161  13:57  Marine x4  
  161  14:01  Siege Tank  
  161  14:02  Marine  
  167  14:11  Viking, Marine x2  
  167  14:12  Marine  
  163  14:17  Marine x2  
  163  14:19  Viking  
  158  14:36  Siege Tank, Marine  
  158  14:37  Marine x3  
  165  14:39  Marine x3  
  165  14:40  Siege Tank  
  165  14:41  Viking  
  173  14:49  Viking  
  173  14:52  Terran Infantry Armor Level 3  
  175  14:59  Marine x4  
  147  15:00  Marine  
  147  15:06  Marine x3  
  126  15:08  Siege Tank  
  126  15:11  Viking  
  126  15:12  Marine x2  
  126  15:13  Marine x3  
  126  15:14  Marine  
  137  15:17  Marine  
  137  15:18  Marine x3  
  141  15:23  Siege Tank  
  141  15:26  Marine x3  
  147  15:28  Viking  
  137  15:36  Marine  
  137  15:37  Marine  
  137  15:41  Marine x3  
  114  15:46  Siege Tank  
  114  15:47  Marine x3  
  114  15:48  Marine x3  
  114  15:49  Marine  
  120  15:52  Marine  
  120  15:58  Marine x2  
  122  16:04  Marine  
  122  16:07  Marine  
  124  16:18  Marine  
  125  16:26  Siege Tank  
  124  16:35  Siege Tank, Marine  
  124  16:38  Marine  
  129  16:45  Marine x2  
  98  16:48  Marine  
  98  16:53  Marine  
  82  16:55  Marine  
  81  17:01  Marine  
  81  17:03  Marine  
  81  17:05  Orbital Command  
  81  17:07  Marine  
  78  17:13  Marine x2  
  75  17:19  Marine  
  75  17:22  Marine  
  77  17:29  Marine  
  78  17:30  Marine  
Tags
 
Add a new tag
Caveats
  • Supply blocks, unpowered buildings, or Contaminate may cause inaccurate times.
  • Supply counts are checked every 10 seconds.